 Dungeon Crawl Stone Soup version 0.32-a0-329-ge6c31236d6 (webtiles) character file.

Game seed: 12697957466467198882

968 LobsterGuardian the Magician (level 8, 0/79 HPs)
             Began as an Oni Cinder Acolyte on Feb 17, 2024.
             Was a High Priest of Ignis.
             Slain by Edmund
             ... wielding a +1 heavy flail
              (14 damage)
             ... on level 5 of the Dungeon.
             The game lasted 00:12:34 (4468 turns).

LobsterGuardian the Magician (Oni Cinder Acolyte)   Turns: 4468, Time: 00:12:35

Health: 0/79       AC: 11    Str: 21    XL:     8   Next: 15%
Magic:  1/16       EV:  9    Int: 15    God:    Ignis [*****.]
Gold:   209        SH:  0    Dex: 10    Spells: 16/18 levels left

rFire   + . .        a - -1 mace (flame)
rCold   . . .        (no shield)
rNeg    . . .        b - +0 robe
rPois   .            (helmet restricted)
rElec   .            o - +0 cloak
rCorr   .            (gloves unavailable)
SInv    .            (boots unavailable)
Will    .....        (no amulet)
Stlth   +            e - +6 ring of dexterity
HPRegen 0.33/turn    (no ring)
MPRegen 0.15/turn

%: no passive effects
@: fiery-armoured
A: large, unfitting armour, horns 1, tough skin 1, double potion healing,
drunken brawling
a: Renounce Religion, Fiery Armour, Foxfire Swarm, Rising Flame


You were on level 5 of the Dungeon.
You worshipped Ignis.
Ignis was extremely pleased with you.
You visited 1 branch of the dungeon, and saw 5 of its levels.

You collected 209 gold pieces.

Inventory:

Hand Weapons
 a - a -1 mace of flaming (weapon)
Armour
 b - a +0 robe (worn)
 o - a +0 cloak (worn)
Jewellery
 e - a +6 ring of dexterity (left hand)
Wands
 d - a wand of flame (30)
Scrolls
 c - 2 scrolls of revelation
 i - a scroll of amnesia
 m - 2 scrolls of fog
Potions
 f - a potion of brilliance
 g - 2 potions of mutation {unknown}
 j - 3 potions of might
 k - a potion of cancellation
 l - a potion of attraction {unknown}


   Skills:
 + Level 4.8 Fighting
 * Level 5.0 Maces & Flails
 + Level 1.1 Dodging
 + Level 5.8 Spellcasting
 + Level 5.7 Fire Magic


You had 16 spell levels left.
You knew the following spells:

 Your Spells              Type           Power      Damage    Failure   Level
a - Scorch                Fire           42%        2d6       2%          2

Your spell library contained the following spells:

 Spells                   Type           Power      Damage    Failure   Level
 Sandblast                Erth           8%         2d5       16%         1
 Sting                    Conj/Alch      16%        1d4       16%         1
 Mercury Vapours          Alch/Air       8%         N/A       22%         2
 Passwall                 Erth           4%         N/A       41%         3
 Stone Arrow              Conj/Erth      8%         3d7       41%         3
 Brom's Barrelling Bould  Conj/Erth      4%         2d3       83%         4
 Olgreb's Toxic Radiance  Alch           4%         N/A       83%         4


Dungeon Overview and Level Annotations

Branches:
Dungeon (5/15)
 Temple: D:4-7

Altars:
Dithmenos
Makhleb
Vehumet
Yredelemnul
Zin
The Shining One

Shops:
D:1 =

Annotations:
D:5 Edmund


Innate Abilities, Weirdness & Mutations

You are too large for most types of armour.
You have a pair of small horns on your head.
You have tough skin. (AC +1)
You gain doubled healing and magic from potions.
Whenever you drink a healing potion, you attack all around you.


Message History

The phantom hits you.
The phantom is burned by your cloak of flames.
You destroy the phantom!
Your Maces & Flails skill increases to level 5!
Unknown command.
Unknown command.
You hit Edmund. You burn Edmund. Your headbutt misses Edmund.
Edmund is lightly wounded.
Edmund hits you but does no damage.
Edmund completely resists.
Unknown command.
You closely miss Edmund.
Edmund is lightly wounded.
Edmund hits you with a +1 heavy flail.
* * * LOW HITPOINT WARNING * * *
Edmund resists.
Edmund is burned by your cloak of flames.
Edmund is moderately wounded.
You hit Edmund but do no damage.
Edmund is moderately wounded.
Edmund hits you with a +1 heavy flail.
* * * LOW HITPOINT WARNING * * *
Edmund resists.
Edmund is burned by your cloak of flames.
Edmund is moderately wounded.
You hit Edmund. You burn Edmund.
Edmund is moderately wounded.
Unknown command.
You thump Edmund! You burn Edmund. You headbutt Edmund.
Edmund is severely wounded.
Edmund hits you with a +1 heavy flail!
* * * LOW HITPOINT WARNING * * *
Edmund resists.
Edmund is burned by your cloak of flames.
Edmund is severely wounded.
You barely miss Edmund. Your headbutt misses Edmund.
Edmund is severely wounded.
Edmund hits you with a +1 heavy flail!
You die...
Edmund says, "I'd like to see a scythe do that!"
Ignis goes out, and joins you in death.

..#.....###..#.# ###+##'##'###
#..#.# #.....#.... #.# #S†#.#
##########.....#.....#.###@S#.#
.........'##'##'##'##'......#.#
.######@##..#.....#.F#.###.##.#
#.##..#'###'#.:#.# #.##.#
#@##..#.....#.)#)# #.##.#
#..+†.'..@@.').'(###.#
#.##.†#.....#..#<....#
#.##..#'###'#..#.#####
#..#..#.. .# #.# ##.'##'##' #'
+.# ## .. #. .. #.# ... ....
#.# #'##' #'##### .#


You could see Edmund.

Vanquished Creatures
  2 water moccasins (D:5)
  An ice beast (D:4)
  A kobold brigand (D:5)
  A phantom (D:5)
  A bullfrog (D:5)
  2 scorpions (D:5)
  A howler monkey (D:5)
  2 bombardier beetles
  A crimson imp (D:4)
  A hound (D:4)
  Robin (D:2)
  3 adders (D:2)
  2 ribbon worms
  2 dart slugs (D:3)
  4 orcs
  4 endoplasms
  4 giant cockroaches
  9 goblins
  4 hobgoblins
  10 kobolds
  2 quokkas
  11 ball pythons
  3 bats (D:3)
  8 frilled lizards
  6 rats
86 creatures vanquished.

Notes
Turn   | Place    | Note
-------+----------+-------------------------------------------
     0 | D:1      | LobsterGuardian the Oni Cinder Acolyte began the quest for
                  | the Orb.
     0 | D:1      | Reached XP level 1. HP: 24/24 MP: 2/2
     8 | D:1      | Found Buel's Jewellery Shoppe.
    62 | D:1      | Reached XP level 2. HP: 32/32 MP: 3/3
    67 | D:1      | Learned a level 2 spell: Scorch
   643 | D:1      | Reached XP level 3. HP: 40/40 MP: 1/4
  1347 | D:2      | Reached XP level 4. HP: 44/49 MP: 1/6
  1706 | D:2      | Noticed Robin
  1744 | D:2      | Killed Robin
  1864 | D:2      | Reached XP level 5. HP: 55/55 MP: 5/8
  3402 | D:4      | Found a glowing silver altar of Zin.
  3440 | D:4      | Noticed an ice beast
  3454 | D:4      | Killed an ice beast
  3455 | D:4      | Reached XP level 6. HP: 51/63 MP: 1/10
  3855 | D:4      | Found a radiant altar of Vehumet.
  3856 | D:4      | Found a burning altar of Makhleb.
  3949 | D:5      | Entered Level 5 of the Dungeon
  3966 | D:5      | Reached skill level 5 in Fire Magic
  3966 | D:5      | Reached XP level 7. HP: 50/71 MP: 2/13
  4075 | D:5      | Found a basalt altar of Yredelemnul.
  4075 | D:5      | Found a shadowy altar of Dithmenos.
  4249 | D:5      | Noticed Edmund
  4415 | D:5      | Found a glowing golden altar of the Shining One.
  4419 | D:5      | Reached skill level 5 in Spellcasting
  4423 | D:5      | Reached skill level 1 in Dodging
  4452 | D:5      | Reached XP level 8. HP: 42/79 MP: 1/16
  4463 | D:5      | Reached skill level 5 in Maces & Flails
  4468 | D:5      | Slain by Edmund

Illustrated notes

Levels and vault maps discovered:
D:1:      dpeg_arrival_radiant, layout_basic, serial_shops,
          nicolae_shop_crystal, serial_bayou_crossing
D:2:      layout_basic, uniq_robin
D:3:      layout_basic
D:4:      layout_cave_pools, grunt_temple_overflow_lords_of_destruction,
          lemuel_tele_altar
D:5:      layout_loops_ring, mainiacjoe_overflow_24_doors,
          gammafunk_temple_overflow_elements, guppyfry_early_lair_pool,
          uniq_edmund

Skill      XL: |  1  2  3  4  5  6  7  8 |
---------------+-------------------------+-----
Fire Magic     | 3 4 5 |  5.7
Spellcasting   | 2 3 4 5 |  5.8
Maces & Flails | 4 5 |  5.0
Dodging        | 1 |  1.1
Fighting       | |  4.8

Action                     |  1- 3 |  4- 6 |  7- 9 || total
---------------------------+-------+-------+-------++-------
  Melee: Mace              |    22 |    59 |    18 ||    99
         Headbutt          |     3 |     8 |     4 ||    15
   Cast: Scorch            |    20 |    51 |    25 ||    96
 Invoke: Fiery Armour      |       |       |     1 ||     1
    Use: Scroll            |     5 |     4 |     2 ||    11
         Potion            |       |     3 |       ||     3
 Armour: Robe              |    18 |    75 |    32 ||   125
  Dodge: Dodged            |    13 |    42 |    11 ||    66

Table legend: (Time is in decaauts)
 A = Elapsed time spent in this place.
 B = Non-inter-level travel time spent in this place.
 C = Inter-level travel time spent in this place.
 D = Time resting spent in this place.
 E = Time spent auto-exploring this place.
 F = Levels seen in this place.
 G = Mean time per level.
                   A        B        C        D        E       F      G
               +--------+--------+--------+--------+--------+-----+--------+
         Total |   4486 |   4359 |    127 |      0 |   3802 |   5 |  897.2 |
       Dungeon |   4486 |   4359 |    127 |      0 |   3802 |   5 |  897.2 |
               +--------+--------+--------+--------+--------+-----+--------+

Top non-repeatable levels by time:
     D:2: 1121 daAuts
     D:3: 1103 daAuts
     D:1: 908 daAuts
     D:4: 829 daAuts
     D:5: 522 daAuts
